[Event "Team 45 45 League T79"]
[Site "Internet Chess Club"]
[Date "2019.01.04"]
[Round "2"]
[White "rhayder"]
[Black "oldbookseller"]
[Result "0-1"]
[WhiteElo "1164"]
[BlackElo "1081"]
[Opening "Ruy Lopez: Berlin defense, Beverwijk variation"]
[ECO "C65"]
[Time "13:17:38"]
[TimeControl "2700+45"]

1. e4 e5 2. Nf3 Nc6 3. Bb5 Nf6 4. O-O Bc5 5. Re1 Ng4 6. d4 exd4 7. Nxd4 Nxf2 8.
Qf3 Bxd4 9. Be3 O-O 10. c3 Qh4 11. g3 Nh3+ 12. Kg2 Qe7 13. Bxc6 d6 14. Ba4 Be5
15. Nd2 Ng5 16. Bxg5 Qxg5 17. Nc4 Qh6 18. Nxe5 Qh3+ 19. Kg1 dxe5 20. Qg2 Qe6 21.
Bb3 Qb6+ 22. Qf2 Qd6 23. Rad1 Qe7 24. Re3 Bg4 25. Rd2 Bh3 26. Rf3 c5 27. Rd5
Rac8 28. Rd2 c4 29. Bc2 a5 {White resigns} 0-1